 Dungeon Crawl Stone Soup version 0.24.0-2-g5b39cebb1c (webtiles) character file.

Game seed: 8216221945998670235, levelgen mode: deterministic

352 pppooolll the Slasher (level 6, 0/52 HPs)
             Began as a Draconian Fighter on Oct 31, 2019.
             Was a Believer of Ashenzari.
             Slain by an orc wizard
             ... wielding a +0 dagger
              (2 damage)
             ... on level 4 of the Dungeon.
             The game lasted 00:10:42 (3336 turns).

pppooolll the Slasher (Draconian Fighter)           Turns: 3336, Time: 00:10:43

Health: 0/52       AC:  8    Str: 22    XL:     6   Next: 35%
Magic:  6/6        EV: 11    Int: 10    God:    Ashenzari [**....]
Gold:   117        SH:  0    Dex: 10    Spells: 5/5 levels left

rFire    . . .     SeeInvis .   a - +0 long sword
rCold    . . .     Gourm    .   b - +0 shield
rNeg     . . .     Faith    .   (armour unavailable)
rPois    .         Spirit   .   (helmet restricted)
rElec    .         Reflect  .   (no cloak)
rCorr    .         Harm     .   k - +0 pair of gloves
MR       .....                  j - +0 pair of boots
Stlth    +.........             (no amulet)
HPRegen  0.17/turn              l - +3 ring of strength (curse)
MPRegen  0.10/turn              (no ring)

@: confused, slowed, very slow
A: unfitting armour, cold-blooded, AC +6
a: Curse Item, Scrying, Renounce Religion


You were on level 4 of the Dungeon.
You worshipped Ashenzari.
Ashenzari was pleased with you.
You were hungry.

You visited 1 branch of the dungeon, and saw 4 of its levels.

You collected 117 gold pieces.

Inventory:

Hand Weapons
 a - a +0 long sword (weapon)
Missiles
 i - 2 boomerangs (quivered)
Armour
 b - a +0 shield (worn)
 j - a +0 pair of boots (worn)
 k - a +0 pair of gloves (worn)
Jewellery
 l - a cursed +3 ring of strength (left hand)
Wands
 p - a wand of flame (17)
Scrolls
 f - a scroll of teleportation
 h - 2 scrolls of noise
 m - a scroll of immolation
 o - a scroll of magic mapping {unknown}
 q - a scroll of amnesia {unknown}
Comestibles
 d - 4 rations


   Skills:
 + Level 4.2 Fighting
 + Level 4.7 Long Blades
 + Level 0.4 Throwing
 + Level 3.6 Dodging
 + Level 4.2 Shields


You had 5 spell levels left.
You didn't know any spells.
Your spell library was empty.

Dungeon Overview and Level Annotations

Branches:
Dungeon (4/15)
 Temple: D:4-7

Altars:
Ashenzari
Dithmenos
Hepliaklqana
Nemelex Xobeh
Yredelemnul


Innate Abilities, Weirdness & Mutations

Your plain brown scales are hard. (AC +6)
You cannot fit into any form of body armour.
You are cold-blooded and may be slowed by cold attacks.


Message History

* * * LOW HITPOINT WARNING * * *
Something hits you but does no damage.
The orc wizard gestures wildly while chanting.
The orc wizard blinks!
Something hits you but does no damage.
You miss something. Something hits you.
* * * LOW HITPOINT WARNING * * *
The orc wizard hits you with a +0 dagger.
* * * LOW HITPOINT WARNING * * *
Something completely misses you.
The orc wizard hits you with a +0 dagger.
* * * LOW HITPOINT WARNING * * *
Things that are here:
a +3 dagger; a +0 robe; an orc corpse
Okay, then.
You hear some strange, mumbled words.
You are confused.
You bump into the rock wall.
The orc wizard hits you but does no damage.
Something hits you.
You die...

#.# #.....,..#
#..... #)#
#######.# ###
#..... ##.###..
...# #.....
##...##.# #.##
###...
#.....#.####.#
#.##
##...##..#...##
##.#
#####..........).#
##.
.......##..###.{o#
##
######.#...#.#..@#
#...###o#'#.#
#.).#..:..#.#
#.#.###.###.# *
#.#.. #.#...#
,......###..## *
....(# ** , * * ,
* ** *


You could see an orc wizard.

Vanquished Creatures
  A bullfrog zombie (D:4)
  2 orc wizards (D:4)
  A gnoll shaman (D:4)
  2 orc priests (D:3)
  A worker ant (D:4)
  3 gnolls (D:4)
  4 adders
  An ooze (D:3)
  3 worms
  4 dart slugs
  A leopard gecko (D:1)
  9 orcs
  5 bats
  A giant cockroach (D:3)
  7 goblins
  6 hobgoblins
  4 jackals (D:1)
  3 quokkas
  A ball python (D:2)
  9 kobolds
  3 rats
71 creatures vanquished.

Vanquished Creatures (others)
  An orc wizard (D:4)
1 creature vanquished.

Grand Total: 72 creatures vanquished

Notes
Turn   | Place    | Note
-------+----------+-------------------------------------------
     0 | D:1      | pppooolll the Draconian Fighter began the quest for the
                  | Orb.
     0 | D:1      | Reached XP level 1. HP: 19/19 MP: 1/1
   301 | D:1      | Reached XP level 2. HP: 21/26 MP: 2/2
   752 | D:1      | Reached XP level 3. HP: 31/31 MP: 3/3
  1169 | D:2      | Found a faded altar of an unknown god.
  1175 | D:2      | Became a worshipper of Ashenzari the Shackled
  1175 | D:2      | Reached * piety under Ashenzari
  1222 | D:2      | Found a basalt altar of Yredelemnul.
  1397 | D:2      | Reached XP level 4. HP: 37/40 MP: 4/4
  1704 | D:3      | Found a shadowy altar of Dithmenos.
  1951 | D:3      | HP: 2/40 [poisoned by a kobold]
  2296 | D:3      | Reached XP level 5. HP: 29/46 MP: 5/5
  2502 | D:3      | Found a sparkling altar of Nemelex Xobeh.
  2505 | D:3      | Found a hazy altar of Hepliaklqana.
  2654 | D:3      | Reached ** piety under Ashenzari
  3229 | D:4      | Reached XP level 6. HP: 41/52 MP: 6/6
  3334 | D:4      | HP: 1/52 [orc wizard/+0 dagger (3)]
  3336 | D:4      | Slain by an orc wizard

Levels and vault maps discovered:
D:1:      dpeg_arrival_signposts, layout_basic
D:2:      layout_basic, lemuel_crystal_altar, chequers_ecumenical_altar_grove
D:3:      layout_basic, grunt_temple_overflow_open, serial_glass,
          glass_columns_a, glass_columns_b, glass_columns_a
D:4:      layout_loops_corners, minmay_a_box_with_orc_wizards_in_it

Skill      XL: |  1  2  3  4  5 |
---------------+----------------+-----
Dodging        | 3 |  3.6
Long Blades    | 3 4 |  4.7
Fighting       | 4 |  4.2
Shields        | 4 |  4.2
Throwing       | |  0.4

Action                   |  1- 3 |  4- 6 || total
-------------------------+-------+-------++-------
Melee: Long sword        |   105 |   131 ||   236
       Tailslap          |    18 |    22 ||    40
Throw: Boomerang         |       |     2 ||     2
  Use: Scroll            |       |     3 ||     3
       Potion            |       |     6 ||     6
 Stab: Sleeping          |     1 |       ||     1
  Eat: Chunk             |     1 |     3 ||     4
       Ration            |       |     1 ||     1
Armor: Skin              |    32 |    95 ||   127
Dodge: Dodged            |    55 |    59 ||   114
Block: Shield            |    55 |    92 ||   147
       Rpst.: Long sword |    17 |    12 ||    29
